 Dungeon Crawl Stone Soup version 0.18.1-8-gdd0e5ea (webtiles) character file.

36 oplop the Vexing (level 3, -4/24 HPs)
             Began as a Vampire Enchanter on May 21, 2016.
             Slain by a kobold
             ... wielding a +0 short sword
              (8 damage)
             ... on level 2 of the Dungeon.
             The game lasted 00:02:07 (926 turns).

oplop the Vexing (Vampire Enchanter)                 Turns: 926, Time: 00:02:07

Health: -4/24      AC:  3    Str:  7    XL:     3   Next: 19%
Magic:  3/6        EV: 12    Int: 17    God:
Gold:   72         SH:  0    Dex: 15    Spells: 1 memorised, 5 levels left

rFire  . . .     SeeInvis +     a - +1 dagger
rCold  . . .     Gourm    .     b - +1 robe
rNeg   + . .     Faith    .     (no shield)
rPois  .         Spirit   .     (no helmet)
rElec  .         Dismiss  .     (no cloak)
rCorr  .         Reflect  .     (no gloves)
SustAt .         Harm     .     (no boots)
MR     .....                    (no amulet)
Stlth  +++.......               (no ring)
                                (no ring)

@: flying, very slightly contaminated, hasted, very quick, not resistant to
hostile enchantments, fairly stealthy
A: fangs 3, see invisible, unbreathing
a: Bat Form


You were on level 2 of the Dungeon.
You were not thirsty.

You visited 1 branch of the dungeon, and saw 2 of its levels.

You collected 72 gold pieces.

Inventory:

Hand Weapons
 a - a +1 dagger (weapon)
Armour
 b - a +1 robe (worn)
Scrolls
 e - a scroll of blinking {unknown}
 g - a scroll of random uselessness {unknown}
 h - 2 scrolls of fog {unknown}
 i - a scroll of immolation {unknown}
 l - a scroll of remove curse {unknown}
Potions
 d - 2 potions of blood
Books
 c - a book of Maledictions

   Spells                             Type                      Level
   a - Corona                         Hexes                        1
   b - Ensorcelled Hibernation        Hexes/Ice                    2
   c - Confuse                        Hexes                        3
   d - Tukima's Dance                 Hexes                        3
   e - Dazzling Spray                 Conjuration/Hexes            3


   Skills:
 - Level 1.1 Short Blades
 - Level 2.1 Dodging
 + Level 5.3 Stealth
 + Level 2.3 Spellcasting
 + Level 5.3 Hexes


You had 5 spell levels left.
You knew the following spells:

 Your Spells              Type           Power        Failure   Level  Hunger
a - Corona                Hex            ###....      2%          1    #......


Dungeon Overview and Level Annotations

Branches:
Dungeon (2/15)

Altars:


Innate Abilities, Weirdness & Mutations

You have razor-sharp teeth.
You have supernaturally acute eyesight.
You can survive without breathing.


Message History

Aiming: Corona
Press: ? - help, Shift-Dir - straight line, f/p - adder
Aim: an adder (severely wounded, chance to defeat MR: 66%)
The adder is outlined in light.
The kobold barely misses you.
You hit the adder.
The adder is almost dead.
The adder barely misses you. The kobold hits you with a short sword.
You barely miss the adder. You bite the adder.
You kill the adder!
You have reached level 3!
Your experience leads to an increase in your attributes!
Increase (S)trength, (I)ntelligence, or (D)exterity?
You feel agile.
You can now transform into a vampire bat.
You barely miss the kobold. The kobold hits you with a short sword.
* * * LOW HITPOINT WARNING * * *
You hit the kobold.
The kobold is moderately wounded.
The kobold hits you with a short sword!
You die...

#############
#........?..#
#...........#
#...K.......#
###...@.......#
...............#
...............#
...............##
......#..#......####
......#..###........
....#.#..#..........
....+.#.............
.. ##.###........


You could see a kobold.

Vanquished Creatures
  An adder (D:2)
  4 dart slugs (D:1)
  A giant gecko (D:1)
  4 goblins
  A hobgoblin (D:1)
  A kobold (D:1)
  3 bats (D:1)
  3 rats (D:1)
18 creatures vanquished.

Notes
Turn   | Place    | Note
--------------------------------------------------------------
     0 | D:1      | oplop the Vampire Enchanter began the quest for the Orb.
     0 | D:1      | Reached XP level 1. HP: 13/13 MP: 3/3
   393 | D:1      | Reached XP level 2. HP: 19/19 MP: 5/5
   636 | D:1      | Reached skill level 5 in Stealth
   636 | D:1      | Reached skill level 5 in Hexes
   914 | D:2      | xeno23: мм
   914 | D:2      | xeno23: ебучие аддеры
   914 | D:2      | oplop: че, много дегенератов в зиге?
   914 | D:2      | oplop: горгульи, флормициды
   914 | D:2      | xeno23: да
   914 | D:2      | xeno23: этот вообще ебанутый
   915 | D:2      | xeno23: Gekot's ghost. The apparition of Gekot the Axe Maniac, a legendary Gargoyle Fighter of the Shining One. AC ++++++++ EV ++++++ MR ++++. It looks dangerous. It is immune to poison, cold, rotting and negative energy; very resistant to fire; and resistant to electricity and steam.
   916 | D:2      | xeno23: фулл ац и ев
   918 | D:2      | xeno23: иммун к холоду
   924 | D:2      | Reached XP level 3. HP: 10/24 MP: 3/6
   926 | D:2      | Slain by a kobold

Skill      XL: |  1  2 |
---------------+-------+-----
Stealth        | 5 |  5.3
Hexes          | 5 |  5.3
Short Blades   | |  1.1
Dodging        | |  2.1
Spellcasting   | |  2.3

Action                   || total
-------------------------++-------
Melee: Dagger            ||    67
       Bite              ||     9
 Cast: Corona            ||    10
  Use: Potion            ||     5
 Stab: Sleeping          ||     4
  Eat: Corpse            ||     2
Armor: Robe              ||    16
Dodge: Dodged            ||    50
